NCAA
ILLINOIS FIGHTING ILLINI @ MINNESOTA GOLDEN GOPHERS
05/19/2027
 
TOP OF THE 1ST
Illinois Fighting Illini batting - Pitching for Minnesota Golden Gophers : RHP Aaron Moss
Pitching: RHP Aaron Moss
Batting: SHB Robbie Robertson 0-0: Ball
1-0: Swinging Strike
1-1: Foul Ball, location: 2F
1-2: Ball
2-2: Ball
3-2: Foul Ball, location: 2F
3-2: Ground out U3 (Groundball, 3)
Batting: RHB Alfonso Reyes 0-0: Ball
1-0: Ground out 1-3 (Groundball, P)
Batting: RHB Benoît Vigneault 0-0: Called Strike
0-1: Ball
1-1: Ball
2-1: Ball
3-1: Base on Balls
Batting: LHB John Miller 0-0: Ball
1-0: Ball
2-0: Ball
3-0: Base on Balls
Benoît Vigneault to second
Batting: RHB Jesús Vélez 0-0: Ball
1-0: Ball
2-0: Called Strike
2-1: SINGLE (Line Drive, 6MD)
Benoît Vigneault to third
John Miller to second
Runner from 3rd tries for Home, SAFE, no throw
Batting: SHB Shannon Cline 0-0: Called Strike
0-1: Swinging Strike
0-2: Foul Ball, location: 2F
0-2: Strikes out looking
Top of the 1st over - 1 run(s), 1 hit(s), 0 error(s), 2 left on base; Illinois 1 - Minnesota 0
BOTTOM OF THE 1ST
Minnesota Golden Gophers batting - Pitching for Illinois Fighting Illini : LHP Mark Andrews
Pitching: LHP Mark Andrews
Batting: LHB Tony Ayala 0-0: Hit by Pitch
Batting: RHB Mike Martínez 0-0: Called Strike
0-1: Ball
1-1: Foul Ball, location: 2F
1-2: Ball
Tony Ayala steals 2nd base
2-2: Ball
3-2: Base on Balls
Batting: RHB Tim Glendonwyn 0-0: Foul Ball, location: 2F
0-1: Foul Ball, location: 2F
0-2: Foul Ball, location: 2F
0-2: Foul Ball, location: 2F
0-2: Ball
1-2: Ball
2-2: Ball
3-2: SINGLE (Groundball, 56D)
Tony Ayala to third
Mike Martínez to second
Batting: RHB Christian Nash 0-0: Ball
1-0: Ball
2-0: Ball
3-0: Base on Balls
Tony Ayala scores
Mike Martínez to third
Tim Glendonwyn to second
Batting: RHB James Morris 0-0: Ball
1-0: Fly out, F5 (Popup, 5L)
Batting: LHB Scott Rivera 0-0: Foul Ball, location: 2F
0-1: Called Strike
0-2: Strikes out swinging
Batting: RHB Pedro García 0-0: Foul Ball, location: 2F
0-1: Ball
1-1: SINGLE (Line Drive, 56)
Mike Martínez scores
Tim Glendonwyn to third
Christian Nash to second
Batting: RHB Miguel Rodríguez 0-0: Called Strike
0-1: Ball
1-1: Ball
2-1: SINGLE (Groundball, 56) (infield hit)
Tim Glendonwyn scores
Christian Nash to third
Pedro García to second
Batting: RHB William Elliott 0-0: GRAND SLAM HOME RUN (Flyball, 78XD), Distance : 370 ft
Batting: LHB Tony Ayala 0-0: Ball
1-0: Ball
2-0: Called Strike
2-1: Fly out, F6 (Popup, 6D)
Bottom of the 1st over - 7 run(s), 4 hit(s), 0 error(s), 0 left on base; Illinois 1 - Minnesota 7
TOP OF THE 2ND
Illinois Fighting Illini batting - Pitching for Minnesota Golden Gophers : RHP Aaron Moss
Batting: RHB Alonso Durán 0-0: Ball
1-0: Swinging Strike
1-1: Ground out 6-3 (Groundball, 6)
Batting: RHB Fernando Núñez 0-0: Ball
1-0: Fly out, F9 (Flyball, 9)
Batting: RHB Jon Foster 0-0: Called Strike
0-1: Ball
1-1: Swinging Strike
1-2: Ball
2-2: Strikes out swinging
Top of the 2nd over - 0 run(s), 0 hit(s), 0 error(s), 0 left on base; Illinois 1 - Minnesota 7
BOTTOM OF THE 2ND
Minnesota Golden Gophers batting - Pitching for Illinois Fighting Illini : LHP Mark Andrews
Pitching: RHP Jim Dudley
Batting: RHB Mike Martínez 0-0: Ball
1-0: Called Strike
1-1: Swinging Strike
1-2: Strikes out swinging
Batting: RHB Tim Glendonwyn 0-0: SINGLE (Line Drive, 78S)
Batting: RHB Christian Nash 0-0: Ground out U3 (Groundball, 3)
Tim Glendonwyn to second
Batting: RHB James Morris 0-0: Called Strike
0-1: Fly out, F9 (Line Drive, 9)
Bottom of the 2nd over - 0 run(s), 1 hit(s), 0 error(s), 1 left on base; Illinois 1 - Minnesota 7
TOP OF THE 3RD
Illinois Fighting Illini batting - Pitching for Minnesota Golden Gophers : RHP Aaron Moss
Batting: SHB Robbie Robertson 0-0: Ball
1-0: Called Strike
1-1: Ball
2-1: Swinging Strike
2-2: Foul Ball, location: 2F
2-2: Ground out 6-3 (Groundball, 6M)
Batting: RHB Alfonso Reyes 0-0: Called Strike
0-1: Called Strike
0-2: Strikes out swinging
Batting: RHB Benoît Vigneault 0-0: Ball
1-0: Foul Ball, location: 2F
1-1: Ball
2-1: Fly out, F8 (Flyball, 89D)
Top of the 3rd over - 0 run(s), 0 hit(s), 0 error(s), 0 left on base; Illinois 1 - Minnesota 7
BOTTOM OF THE 3RD
Minnesota Golden Gophers batting - Pitching for Illinois Fighting Illini : RHP Jim Dudley
Batting: LHB Scott Rivera 0-0: Called Strike
0-1: Swinging Strike
0-2: Foul Ball, location: 2F
0-2: Fly out, F8 (Flyball, 78M)
Batting: RHB Pedro García 0-0: Foul Ball, location: 2F
0-1: Ball
1-1: Foul Ball, location: 2F
1-2: Foul Ball, location: 2F
1-2: Foul Ball, location: 2F
1-2: Strikes out looking
Batting: RHB Miguel Rodríguez 0-0: Ball
1-0: SINGLE (Line Drive, 6)
Batting: RHB William Elliott 0-0: Ball
1-0: Called Strike
1-1: Ball
2-1: Ball
3-1: Base on Balls
Miguel Rodríguez to second
Batting: LHB Tony Ayala 0-0: Ball
1-0: 3-RUN HOME RUN (Flyball, 89XD), Distance : 374 ft
Batting: RHB Mike Martínez 0-0: Swinging Strike
0-1: Ball
1-1: Foul Ball, location: 2F
1-2: Strikes out swinging
Bottom of the 3rd over - 3 run(s), 2 hit(s), 0 error(s), 0 left on base; Illinois 1 - Minnesota 10
TOP OF THE 4TH
Illinois Fighting Illini batting - Pitching for Minnesota Golden Gophers : RHP Aaron Moss
Batting: LHB John Miller 0-0: Swinging Strike
0-1: Swinging Strike
0-2: Strikes out swinging
Batting: RHB Jesús Vélez 0-0: Called Strike
0-1: Swinging Strike
0-2: Ball
1-2: Strikes out swinging
Batting: SHB Shannon Cline 0-0: Ball
1-0: Called Strike
1-1: Ball
2-1: Ball
3-1: Foul Ball, location: 2F
3-2: SINGLE (Groundball, 34D)
Batting: RHB Alonso Durán 0-0: Called Strike
0-1: Ball
1-1: Foul Ball, location: 2F
1-2: Ball
2-2: Ground out 1-3 (Groundball, 15S)
Top of the 4th over - 0 run(s), 1 hit(s), 0 error(s), 1 left on base; Illinois 1 - Minnesota 10
BOTTOM OF THE 4TH
Minnesota Golden Gophers batting - Pitching for Illinois Fighting Illini : RHP Jim Dudley
Pitching: RHP Ken Simms
Batting: RHB Tim Glendonwyn 0-0: Swinging Strike
0-1: Ball
1-1: Ball
2-1: Foul Ball, location: 2F
2-2: Fly out, F7 (Flyball, 78M)
Batting: RHB Christian Nash 0-0: Ball
1-0: Ball
2-0: Ball
3-0: Base on Balls
Batting: RHB James Morris 0-0: Ball
1-0: Ball
2-0: Fielders Choice at 2nd, 6-4 (Groundball, 56)
Batting: LHB Scott Rivera 0-0: Ball
1-0: Ball
2-0: Ball
3-0: Base on Balls
James Morris to second
Batting: RHB Pedro García 0-0: Ball
1-0: Ball
2-0: Swinging Strike
2-1: Ball
3-1: Base on Balls
James Morris to third
Scott Rivera to second
Batting: RHB Miguel Rodríguez 0-0: Ball
1-0: Ball
2-0: Ball
3-0: Called Strike
3-1: Base on Balls
James Morris scores
Scott Rivera to third
Pedro García to second
Batting: RHB William Elliott 0-0: Ball
1-0: Foul Ball, location: 2F
1-1: Ball
2-1: Ball
3-1: SINGLE (Flyball, 89S)
Scott Rivera scores
Pedro García to third
Miguel Rodríguez to second
Runner from 3rd tries for Home, SAFE, no throw
Pitching: RHP Ray Ray
Batting: LHB Tony Ayala 0-0: Foul Ball, location: 2F
0-1: Fielders Choice at 2nd, 5-4 (Groundball, 56)
Bottom of the 4th over - 3 run(s), 1 hit(s), 0 error(s), 1 left on base; Illinois 1 - Minnesota 13
TOP OF THE 5TH
Illinois Fighting Illini batting - Pitching for Minnesota Golden Gophers : RHP Aaron Moss
Batting: RHB Fernando Núñez 0-0: Ground out 6-3 (Groundball, 6S)
Batting: RHB Jon Foster 0-0: Ball
1-0: Called Strike
1-1: Foul Ball, location: 2F
1-2: Ball
2-2: Ball
3-2: Foul Ball, location: 2F
3-2: Foul Ball, location: 2F
3-2: Base on Balls
Batting: SHB Robbie Robertson 0-0: Swinging Strike
0-1: Called Strike
0-2: Ground out 3-1 (Groundball, 34S)
Jon Foster to second
Batting: RHB Alfonso Reyes 0-0: Ball
1-0: Fly out, F7 (Flyball, 7LMF)
Top of the 5th over - 0 run(s), 0 hit(s), 0 error(s), 1 left on base; Illinois 1 - Minnesota 13
BOTTOM OF THE 5TH
Minnesota Golden Gophers batting - Pitching for Illinois Fighting Illini : RHP Ray Ray
Batting: RHB Mike Martínez 0-0: Ball
1-0: Ball
2-0: Foul Ball, location: 2F
2-1: Swinging Strike
2-2: Fly out, F8 (Flyball, 8RM)
Batting: RHB Tim Glendonwyn 0-0: Called Strike
0-1: Called Strike
0-2: Ball
1-2: Ball
2-2: Ball
3-2: Base on Balls
Batting: RHB Christian Nash 0-0: Called Strike
0-1: Hit by Pitch
Tim Glendonwyn to second
Batting: RHB James Morris 0-0: Swinging Strike
0-1: Ball
1-1: 3-RUN HOME RUN (Flyball, 7LD), Distance : 341 ft
Pitching: RHP Otis Buchanan
Batting: LHB Scott Rivera 0-0: Called Strike
0-1: Ball
1-1: Swinging Strike
1-2: Ball
2-2: Strikes out looking
Batting: RHB Pedro García 0-0: Ball
1-0: Called Strike
1-1: Swinging Strike
1-2: Strikes out swinging
Bottom of the 5th over - 3 run(s), 1 hit(s), 0 error(s), 0 left on base; Illinois 1 - Minnesota 16
TOP OF THE 6TH
Illinois Fighting Illini batting - Pitching for Minnesota Golden Gophers : RHP Aaron Moss
Pitching: RHP Orlando Ramos
Batting: RHB Benoît Vigneault 0-0: Ball
1-0: Foul Ball, location: 2F
1-1: Foul Ball, location: 2F
1-2: DOUBLE (Line Drive, 7D)
Batting: LHB John Miller 0-0: Called Strike
0-1: Foul Ball, location: 2F
0-2: Strikes out swinging
Batting: RHB Jesús Vélez 0-0: Foul Ball, location: 2F
0-1: Foul Ball, location: 2F
0-2: Strikes out looking
Batting: SHB Shannon Cline 0-0: Ball
1-0: Called Strike
1-1: Called Strike
1-2: Foul Ball, location: 2F
1-2: Strikes out swinging
Top of the 6th over - 0 run(s), 1 hit(s), 0 error(s), 1 left on base; Illinois 1 - Minnesota 16
BOTTOM OF THE 6TH
Minnesota Golden Gophers batting - Pitching for Illinois Fighting Illini : RHP Otis Buchanan
Batting: RHB Miguel Rodríguez 0-0: Called Strike
0-1: Called Strike
0-2: Ball
1-2: Ball
2-2: Strikes out looking
Batting: RHB William Elliott 0-0: Called Strike
0-1: Ball
1-1: Fly out, F8 (Flyball, 8RM)
Batting: LHB Tony Ayala 0-0: Swinging Strike
0-1: Ball
1-1: Foul Ball, location: 2F
1-2: Strikes out looking
Bottom of the 6th over - 0 run(s), 0 hit(s), 0 error(s), 0 left on base; Illinois 1 - Minnesota 16
TOP OF THE 7TH
Illinois Fighting Illini batting - Pitching for Minnesota Golden Gophers : RHP Orlando Ramos
Batting: RHB Alonso Durán 0-0: Foul Ball, location: 2F
0-1: Fly out, F8 (Flyball, 8LM)
Batting: RHB Fernando Núñez 0-0: Ball
1-0: Ball
2-0: TRIPLE (Line Drive, 7LS)
Batting: RHB Jon Foster 0-0: Called Strike
0-1: Ball
1-1: Foul Ball, location: 2F
1-2: Ball
2-2: Strikes out swinging
Batting: SHB Robbie Robertson 0-0: Foul Ball, location: 2F
0-1: Ball
1-1: Fly out, F8 (Flyball, 8LM)
Top of the 7th over - 0 run(s), 1 hit(s), 0 error(s), 1 left on base; Illinois 1 - Minnesota 16
BOTTOM OF THE 7TH
Minnesota Golden Gophers batting - Pitching for Illinois Fighting Illini : RHP Otis Buchanan
Batting: RHB Mike Martínez 0-0: Ball
1-0: Ball
2-0: Called Strike
2-1: Swinging Strike
2-2: Ball
3-2: Strikes out looking
Batting: RHB Tim Glendonwyn 0-0: Ball
1-0: Ball
2-0: Called Strike
2-1: Ball
3-1: Base on Balls
Pitching: LHP José Vera
Batting: RHB Christian Nash Pickoff Throw to First - Out!
0-0: Called Strike
0-1: Called Strike
0-2: Ball
1-2: Foul Ball, location: 2F
1-2: Foul Ball, location: 2F
1-2: Ball
2-2: Foul Ball, location: 2F
2-2: Fly out, F8 (Flyball, 8RD)
Bottom of the 7th over - 0 run(s), 0 hit(s), 0 error(s), 0 left on base; Illinois 1 - Minnesota 16
TOP OF THE 8TH
Illinois Fighting Illini batting - Pitching for Minnesota Golden Gophers : RHP Orlando Ramos
Now in LF: Matt Pennington
Batting: RHB Alfonso Reyes 0-0: Ball
1-0: Ground out 6-3 (Groundball, 6)
Batting: RHB Benoît Vigneault 0-0: Ball
1-0: Called Strike
1-1: Ball
2-1: Ground out 5-3 (Groundball, 56S)
Batting: LHB John Miller 0-0: Fly out, F6 (Line Drive, 6M)
Top of the 8th over - 0 run(s), 0 hit(s), 0 error(s), 0 left on base; Illinois 1 - Minnesota 16
BOTTOM OF THE 8TH
Minnesota Golden Gophers batting - Pitching for Illinois Fighting Illini : LHP José Vera
Batting: RHB James Morris 0-0: Ball
1-0: Foul Ball, location: 2F
1-1: Foul Ball, location: 2F
1-2: Ball
2-2: DOUBLE (Line Drive, 78M)
Batting: LHB Matt Pennington 0-0: Ball
1-0: Called Strike
1-1: Swinging Strike
1-2: Ball
2-2: Fly out, F9 (Line Drive, 9)
Batting: RHB Pedro García 0-0: Ball
1-0: SINGLE (Line Drive, 56D)
James Morris to third
Batting: RHB Miguel Rodríguez 0-0: SINGLE (Groundball, 34D)
James Morris scores
Pedro García to second
Runner from 2nd tries for 3rd, SAFE, throw made to third
Batting: RHB William Elliott 0-0: Ball
1-0: Ball
2-0: Ball
3-0: Called Strike
3-1: Base on Balls
Miguel Rodríguez to second
Batting: LHB Tony Ayala 0-0: Ball
1-0: SINGLE (Groundball, 34) (infield hit)
Pedro García scores
Miguel Rodríguez to third
William Elliott to second
Batting: RHB Mike Martínez 0-0: Called Strike
0-1: Called Strike
0-2: Foul Ball, location: 2F
0-2: Ball
1-2: Strikes out looking
Batting: RHB Tim Glendonwyn 0-0: Ball
1-0: Ball
2-0: Ball
3-0: Base on Balls
Miguel Rodríguez scores
William Elliott to third
Tony Ayala to second
Pitching: LHP Alonso Medina
Batting: RHB Christian Nash 0-0: Ball
1-0: Ball
2-0: Called Strike
2-1: Ground out 5-3 (Groundball, 2L)
Bottom of the 8th over - 3 run(s), 4 hit(s), 0 error(s), 3 left on base; Illinois 1 - Minnesota 19
TOP OF THE 9TH
Illinois Fighting Illini batting - Pitching for Minnesota Golden Gophers : RHP Orlando Ramos
Batting: RHB Jesús Vélez 0-0: Fly out, F7 (Flyball, 7)
Batting: SHB Shannon Cline 0-0: SOLO HOME RUN (Flyball, 9D), Distance : 366 ft
Batting: RHB Alonso Durán 0-0: Foul Ball, location: 2F
0-1: SINGLE (Groundball, 34D)
Batting: RHB Fernando Núñez 0-0: Foul Ball, location: 2F
0-1: Ball
1-1: Foul Ball, location: 2F
1-2: Fly out, F7 (Flyball, 7)
Batting: RHB Jon Foster 0-0: Ball
1-0: Swinging Strike
1-1: Ball
2-1: Foul Ball, location: 2F
2-2: Strikes out swinging
Top of the 9th over - 1 run(s), 2 hit(s), 0 error(s), 1 left on base; Illinois 2 - Minnesota 19
Thursday, March 30th, 2017 - OOTP Baseball 17.12 Build 75